 Dungeon Crawl Stone Soup version 0.31-a0-4-gefa6de2278 (webtiles) character file.

Game seed: 16577411676154575277

471 bobo the Trooper (level 7, 0/53 HPs)
             Began as a Djinni Hedge Wizard on May 3, 2023.
             Killed by their own static electricity (4 damage)
             ... on level 4 of the Dungeon.
             The game lasted 00:09:55 (3050 turns).

bobo the Trooper (Djinni Hedge Wizard)              Turns: 3050, Time: 00:09:56

Health: 0/53       AC:  3    Str:  9    XL:     7   Next: 31%
Gold:   139        EV: 12    Int: 17    God:
                   SH:  0    Dex: 13

rFire   + + .        a - +1 dagger
rCold   x . .        (no shield)
rNeg    . . .        b - +0 robe
rPois   ∞            t - +0 helmet
rElec   .            (no cloak)
rCorr   +            (no gloves)
SInv    .            (boots unavailable)
Will    .....        (no amulet)
Stlth   ++           n - ring of resist corrosion
HPRegen 0.28/turn    (no ring)
MPRegen 0.00/turn

%: infuse magic (-1 HP)
@: flying
A: sickness immunity, fire resistance 2, cold vulnerability 1, float, innate
caster, HP casting, extra vitality 1
a: no special abilities


You were on level 4 of the Dungeon.
You visited 1 branch of the dungeon, and saw 4 of its levels.

You collected 139 gold pieces.

Inventory:

Hand Weapons
 a - a +1 dagger (weapon)
Missiles
 o - a throwing net
Armour
 b - a +0 robe (worn)
 t - a +0 helmet (worn)
Jewellery
 n - a ring of resist corrosion (left hand)
 u - a ring of fire
Wands
 i - a wand of flame (14)
 r - a wand of roots (6)
Scrolls
 f - 4 scrolls of identify {unknown}
 h - 2 scrolls of enchant armour {unknown}
 k - a scroll of teleportation {unknown}
 m - a scroll of vulnerability {unknown}
 p - a scroll of poison {unknown}
 q - a scroll of fog {unknown}
Potions
 c - a potion of brilliance {unknown}
 d - 5 potions of curing {unknown}
 e - 4 potions of heal wounds {unknown}
 g - a potion of berserk rage {unknown}
 j - a potion of magic {unknown}
 l - 3 potions of flight {unknown}
 s - a potion of attraction {unknown}


   Skills:
 + Level 4.9 Fighting
 - Level 2.1 Dodging
 - Level 1.5 Stealth
 + Level 4.5 Spellcasting


You knew the following spells:

 Your Spells              Type           Power      Damage    Failure   Level
a - Sting                 Tmut/Pois      76%        1d6       2%          1
b - Wereblood             Tmut           19%        N/A       3%          2
c - Mephitic Cloud        Conj/Pois/Air  19%        N/A       7%          3
i - Call Imp              Summ           38%        N/A       3%          2
s - Static Discharge      Conj/Air       38%        2-4/arc   3%          2
z - Magic Dart            Conj           76%        1d6       2%          1
S - Slow                  Hex            76%        N/A       2%          1
Z - Blink                 Tloc           38%        N/A       3%          2
Your spell library was empty.

Dungeon Overview and Level Annotations

Branches:
Dungeon (4/15)
 Temple: D:4-7

Altars:

Annotations:
D:4 Edmund


Innate Abilities, Weirdness & Mutations

You are immune to sickness and miasma.
You are immune to poison.
Your flesh is very heat resistant. (rF++)
You are vulnerable to cold. (rC-)
You float through the air rather than walking.
You learn spells naturally, not from books.
Your magical power is your life essence.
You have superior vitality. (+4 MHP)


Message History

Edmund is engulfed in noxious fumes.
Casting: Static Discharge (safe; 3% risk of failure)
Confirm with . or Enter, or press ? or * to list all spells.
Really attack your cerulean imp?
Edmund is struck by an arc of lightning.
Edmund is moderately wounded.
Your cerulean imp is struck by an arc of lightning.
Your cerulean imp resists.
Your cerulean imp is lightly wounded.
Edmund is struck by an arc of lightning.
Edmund is heavily wounded.
You are struck by an arc of lightning.
The lightning grounds out.
Your cerulean imp disappears in a puff of smoke!
Edmund is engulfed in noxious fumes.
Edmund appears confused.
Edmund completely misses you.
Casting: Static Discharge (safe; 3% risk of failure)
Confirm with . or Enter, or press ? or * to list all spells.
Edmund is struck by an arc of lightning.
Edmund is heavily wounded.
You are struck by an arc of lightning.
Edmund is struck by an arc of lightning.
Edmund is heavily wounded.
You are struck by an arc of lightning.
The lightning grounds out.
Edmund is engulfed in noxious fumes.
Casting: Static Discharge (safe; 3% risk of failure)
Confirm with . or Enter, or press ? or * to list all spells.
Edmund is struck by an arc of lightning.
Edmund is severely wounded.
You are struck by an arc of lightning.
* * * LOW HITPOINT WARNING * * *
The lightning grounds out.
* * * LOW HITPOINT WARNING * * *
Edmund hits you with a +4 flail of protection!
* * * LOW HITPOINT WARNING * * *
Casting: Static Discharge (safe; 3% risk of failure)
Confirm with . or Enter, or press ? or * to list all spells.
Edmund is struck by an arc of lightning.
Edmund is severely wounded.
You are struck by an arc of lightning.
You die...

... #.
....#..
)..#...#
.##..#.#.#
....#.#.#
#.......#
#.....#..(.
#...#.##.#.#
#.°.#.. .# #
#°@°#.. ##
#..#.@.#.#
#......#.#
#....#)#
########


You could see Edmund (confused).

Vanquished Creatures
  Sigmund (D:4)
  2 jellies
  2 orc priests (D:3)
  Terence (D:3)
  Robin (D:3)
  4 adders
  A worm (D:3)
  2 dart slugs
  An orc (D:3)
  7 endoplasms
  A giant cockroach (D:2)
  13 goblins
  8 hobgoblins
  3 jackals (D:2)
  3 quokkas
  9 ball pythons
  4 bats
  3 frilled lizards
  8 kobolds
  2 rats
76 creatures vanquished.

Vanquished Creatures (collateral kills)
  Natasha (D:2)
  A dart slug (D:2)
  An orc (D:3)
  A ball python (D:1)
  4 endoplasms
  2 goblins
  A hobgoblin (D:3)
  A quokka (D:2)
  A kobold (D:3)
13 creatures vanquished.

Grand Total: 89 creatures vanquished

Notes
Turn   | Place    | Note
-------+----------+-------------------------------------------
     0 | D:1      | bobo the Djinni Hedge Wizard began the quest for the Orb.
     0 | D:1      | bobo set off with the following spells memorised: Magic
                  | Dart, Slow, Blink, Call Imp, Mephitic Cloud.
     0 | D:1      | Reached XP level 1. HP: 15/15 MP: 0/0
   125 | D:1      | Reached XP level 2. HP: 18/22 MP: 0/0
   126 | D:1      | Reached skill level 1 in Fighting
   439 | D:1      | Reached XP level 3. HP: 20/27 MP: 0/0
   439 | D:1      | Learned a level 1 spell: Sting
   886 | D:2      | Noticed Natasha
   895 | D:2      | Killed Natasha
   896 | D:2      | Reached XP level 4. HP: 24/34 MP: 0/0
  1931 | D:3      | Noticed Terence
  1940 | D:3      | Reached XP level 5. HP: 31/40 MP: 0/0
  1940 | D:3      | Learned a level 2 spell: Static Discharge
  1941 | D:3      | Killed Terence
  2051 | D:3      | Noticed Robin
  2076 | D:3      | Killed Robin
  2429 | D:3      | Reached XP level 6. HP: 40/47 MP: 0/0
  3027 | D:4      | Noticed Sigmund
  3035 | D:4      | Noticed Edmund
  3037 | D:4      | Killed Sigmund
  3038 | D:4      | Reached XP level 7. HP: 41/53 MP: 0/0
  3038 | D:4      | Learned a level 2 spell: Wereblood
  3050 | D:4      | Killed from afar by themself

Illustrated notes

Levels and vault maps discovered:
D:1:      wheals_arrival_linesprint, layout_rooms, minmay_misc_feat_columns
D:2:      layout_basic, basic_altar, grunt_ministairs_2, uniq_natasha
D:3:      minmay_chambers_of_twos, layout_basic, kennysheep_generic_room_3,
          uniq_robin, uniq_terence
D:4:      layout_basic, sigmund_edmund_badplayer

Skill      XL: |  1  2  3  4  5  6 |
---------------+-------------------+-----
Fighting       | 1 2 3 4 |  4.9
Spellcasting   | 3 4 |  4.5
Dodging        | |  2.1
Stealth        | |  1.5

Action                     |  1- 3 |  4- 6 |  7- 9 || total
---------------------------+-------+-------+-------++-------
  Melee: Dagger            |       |     4 |       ||     4
   Cast: Magic Dart        |    63 |   130 |     4 ||   197
         Slow              |     2 |     1 |       ||     3
         Call Imp          |     5 |     7 |       ||    12
         Mephitic Cloud    |     1 |    21 |     3 ||    25
         Blink             |     1 |     3 |       ||     4
         Sting             |       |     3 |       ||     3
         Static Discharge  |       |       |     4 ||     4
    Use: Scroll            |     2 |       |       ||     2
   Stab: Confused          |       |     4 |       ||     4
 Armour: Robe              |     1 |     1 |       ||     2
         Skin              |     2 |     1 |       ||     3
  Dodge: Dodged            |    12 |     9 |     1 ||    22

Table legend: (Time is in decaauts)
 A = Elapsed time spent in this place.
 B = Non-inter-level travel time spent in this place.
 C = Inter-level travel time spent in this place.
 D = Time resting spent in this place.
 E = Time spent auto-exploring this place.
 F = Levels seen in this place.
 G = Mean time per level.
                   A        B        C        D        E       F      G
               +--------+--------+--------+--------+--------+-----+--------+
         Total |   3048 |   2929 |    119 |      0 |   2488 |   4 |  762.0 |
       Dungeon |   3048 |   2929 |    119 |      0 |   2488 |   4 |  762.0 |
               +--------+--------+--------+--------+--------+-----+--------+

Top non-repeatable levels by time:
     D:3: 1259 daAuts
     D:1: 878 daAuts
     D:2: 703 daAuts
     D:4: 207 daAuts
